AoeStats
← ***

Arabia

507674979Analyzed
1v1 RM · 11d ago on Sep 19, 2026· 44m 53s· 2 players
Game mode
Random Map
Map size
Tiny (2 player)
Population
200
Speed
Normal
Resources
Standard
Victory
Conquest
Starting age
Dark Age
Ending age
Imperial Age
RankedLock teamsTeams togetherTeam positionsShared explorationLock speedFull tech treeHidden civsTurbo modeCheats
Victory
Defeat
🇭🇰 Slavs · Hong Kong SAR China
1784
+11
🇨🇳 Japanese · China
1679
-11
***
5:38 Loom
8:52 Feudal Age
12:40 Double-Bit Axe
14:49 Fletching
16:53 Horse Collar
19:15 Padded Archer Armor
24:59 Castle Age
23:58 Gold Mining
24:29 Scale Barding Armor
25:37 Bodkin Arrow
25:07 Crossbowman
25:27 Elite Skirmisher
35:31 Ballistics
36:35 Wheelbarrow
38:05 Hand Cart
37:35 Town Watch
39:24 Leather Archer Armor
43:30 Imperial Age
42:40 Bloodlines
44:46 Ring Archer Armor
45:32 Chemistry
烤乳猪
5:54 Loom
8:36 Feudal Age
8:50 Man-at-Arms
14:04 Fletching
15:30 Padded Archer Armor
24:43 Castle Age
23:06 Double-Bit Axe
23:29 Scale Barding Armor
24:15 Forging
25:08 Bloodlines
25:04 Horse Collar
26:59 Bodkin Arrow
28:08 Husbandry
28:34 Husbandry
29:19 Wheelbarrow
34:43 Heavy Plow
35:45 Bow Saw
37:28 Town Watch
42:08 Imperial Age
39:50 Town Watch
41:48 Thumb Ring
43:05 Bracer
44:43 Chemistry
Connection lost

Rejoining the realm…

Still unreachable

The connection could not be restored.

Session expired

The server has moved on; the page needs a fresh start.